AoeStats
← Iceman

Black Forest

511022361Analyzed
3v3 RM · 8h ago on Oct 3, 2026· 59m 50s· 6 players
Game mode
Random Map
Map size
Normal (6 player)
Population
200
Speed
Normal
Resources
Standard
Victory
Conquest
Starting age
Dark Age
Ending age
Imperial Age
RankedLock teamsTeams togetherTeam positionsShared explorationLock speedFull tech treeHidden civsTurbo modeCheats
Victory
Defeat
🇹🇼 Varangians · Taiwan
1100
+16
🇹🇼 Spanish · Taiwan
1078
+17
🇹🇼 Bohemians · Taiwan
1076
+17
🇧🇷 Teutons · Brazil
1137
-19
🇧🇷 Persians · Brazil
1102
-17
1044
-14
灰顏
11:41 Feudal Age
15:26 Castle Age
13:22 Double-Bit Axe
13:40 Horse Collar
16:39 Bow Saw
18:49 Heavy Plow
24:24 Fervor
25:52 Loom
26:45 Wheelbarrow
30:05 Imperial Age
28:29 Pikeman
29:10 Squires
30:53 Hand Cart
31:37 Halberdier
34:17 Chemistry
33:33 Town Watch
34:02 Fletching
34:15 Scale Mail Armor
34:26 Forging
34:51 Conscription
34:24 Houfnice
35:23 Arson
36:01 Chain Mail Armor
36:22 Iron Casting
37:38 Siege Engineers
49:25 Fletching
50:06 Plate Mail Armor
50:37 Blast Furnace
李仲赫
0:26 Loom
12:35 Feudal Age
20:48 Castle Age
18:47 Stone Mining
18:46 Double-Bit Axe
19:29 Fletching
21:06 Horse Collar
21:31 Bodkin Arrow
23:20 Bow Saw
26:16 Wheelbarrow
27:44 Padded Archer Armor
31:40 Leather Archer Armor
31:21 Town Watch
31:46 Husbandry
32:12 Bloodlines
33:22 Gold Mining
34:28 Fortified Wall
35:24 Hand Cart
38:40 Ballistics
38:30 Masonry
41:14 Imperial Age
40:23 Town Patrol
43:26 Chemistry
43:03 Block Printing
43:15 Redemption
43:33 Conscription
43:50 Hoardings
46:36 Fervor
46:47 Sanctity
46:56 Illumination
46:41 Cavalier
47:58 Scale Barding Armor
48:03 Forging
47:54 Bracer
50:20 Paladin
51:57 Chain Barding Armor
52:12 Iron Casting
52:00 Caravan
52:31 Coinage
54:25 Coinage
54:13 Inquisition
54:47 Architecture
54:14 Murder Holes
55:33 Plate Barding Armor
55:34 Iron Casting
58:54 Elite Conquistador
Inaba因幡
0:35 Loom
12:25 Feudal Age
17:24 Castle Age
16:26 Double-Bit Axe
19:09 Stone Mining
20:23 Scale Mail Armor
22:38 Fletching
31:21 Forging
39:22 Horse Collar
45:09 Wheelbarrow
46:05 Bow Saw
47:08 Heavy Plow
48:04 Hand Cart
51:31 Pikeman
52:39 Squires
53:23 Iron Casting
57:48 Imperial Age
Haven((GM))
5:30 Loom
12:15 Feudal Age
14:20 Double-Bit Axe
16:47 Castle Age
16:30 Forging
16:22 Scale Mail Armor
17:46 Fletching
19:06 Bodkin Arrow
36:10 Imperial Age
35:16 Wheelbarrow
34:27 Town Watch
35:15 Bow Saw
35:47 Scale Barding Armor
38:51 Crenellations
40:17 Chain Mail Armor
41:30 Stone Mining
42:48 Bloodlines
43:03 Cavalier
49:26 Chemistry
48:34 Siege Engineers
48:39 Masonry
52:53 Hand Cart
54:55 Chain Barding Armor
55:33 Iron Casting
56:00 Plate Mail Armor
58:02 Ballistics
57:12 Pikeman
57:52 Squires
57:38 Arson
57:58 Halberdier
Barbukiel | O Gentil
2:00 Loom
7:08 Double-Bit Axe
12:50 Feudal Age
14:31 Horse Collar
17:41 Gold Mining
18:08 Bow Saw
20:11 Castle Age
20:55 Wheelbarrow
20:43 Caravan
22:00 Husbandry
22:28 Cavalier
25:22 Forging
27:54 Scale Barding Armor
34:42 Chain Barding Armor
34:58 Iron Casting
35:25 Fletching
35:36 Padded Archer Armor
35:28 Elite Skirmisher
39:43 Gold Shaft Mining
38:58 Stone Mining
41:27 Light Cavalry
54:03 Bodkin Arrow
Iceman
0:53 Loom
14:53 Feudal Age
20:27 Fletching
26:30 Castle Age
24:21 Double-Bit Axe
24:19 Horse Collar
24:32 Stone Mining
24:34 Gold Mining
27:25 Bow Saw
27:20 Heavy Plow
28:00 Stone Shaft Mining
28:03 Gold Shaft Mining
28:34 Wheelbarrow
31:08 Imperial Age
28:53 Bodkin Arrow
29:01 Padded Archer Armor
32:11 Hand Cart
32:37 Ballistics
36:23 Chemistry
36:43 Crop Rotation
37:50 Two-Man Saw
38:31 Kamandaran
38:52 Conscription
38:17 Man-at-Arms
40:00 Capped Ram
40:58 Caravan
41:29 Coinage
41:13 Guilds
43:06 Scale Barding Armor
43:12 Forging
43:46 Cavalier
44:27 Husbandry
44:38 Bloodlines
43:48 Light Cavalry
45:35 Savar
45:36 Hussar
45:42 Elite War Elephant
47:03 Banking
50:03 Siege Ram
52:10 Iron Casting
51:52 Leather Archer Armor
51:58 Chain Barding Armor
55:33 Ring Archer Armor
56:03 Blast Furnace
55:39 Plate Barding Armor
55:05 Scale Mail Armor
Connection lost

Rejoining the realm…

Still unreachable

The connection could not be restored.

Session expired

The server has moved on; the page needs a fresh start.